[Event "Titled Tuesday Blitz November 14 Late 2023"]
[White "Djordjevic, Vuk"]
[Black "Alekseenko, Kirill"]
[WhiteFideId "902098"]
[BlackFideId "4135539"]
[WhiteElo "2758"]
[BlackElo "2964"]
[Result "1/2-1/2"]
[Round "6"]
[TimeControl "180+1"]
[Date "2023.11.14"]
[WhiteClock "0:00:06"]
[BlackClock "0:00:06"]
[Board "11"]

1. d4 d5 2. Bf4 Nf6 3. e3 e6 4. Nd2 Bd6 5. Bg3 Nbd7 6. Ngf3 Nf8 7. c4 Ng6 8. Bd3 O-O 9. Qc2 c6 10. c5 Bc7 11. Ne5 Nd7 12. Nxg6 fxg6 13. f4 Rb8 14. O-O b6 15. b4 bxc5 16. bxc5 Nf6 17. Rab1 Bd7 18. Nf3 Rxb1 19. Rxb1 Qa8 20. e4 Nh5 21. exd5 exd5 22. Ne5 Bf5 23. Rf1 Qe8 24. Bxf5 gxf5 25. Qa4 Bxe5 26. dxe5 Qd7 27. Re1 Re8 28. Bf2 g6 29. g3 Ng7 30. Rb1 Ne6 31. Qa6 Re7 32. Rb8+ Kg7 33. Qc8 Qxc8 34. Rxc8 Rc7 35. Re8 Kf7 36. Rh8 Nf8 37. Bd4 Re7 38. e6+ Rxe6 39. Be5 Re7 40. Bd6 Re8 41. Bxf8 Rxf8 42. Rxh7+ Ke6 43. Rc7 d4 44. Rxc6+ Kd5 45. Rxg6 Kxc5 46. Kf2 Rb8 47. h4 Rb2+ 48. Kf3 Rxa2 49. Rg5 Kc4 50. Rxf5 d3 51. Rf8 a5 52. h5 Rh2 53. g4 d2 54. Rd8 Kc3 55. f5 a4 56. f6 Rh1 57. Ke2 Re1+ 58. Kf2 d1=Q 59. Rxd1 Rxd1 60. f7 Rd8 61. g5 a3 62. g6 a2 63. g7 a1=Q 64. f8=Q Rd2+ 65. Kg3 Qg1+ 66. Kf4 Rd4+ 67. Ke5 Qg5+ 68. Ke6 Qd5+ 69. Kf6 Rf4+ 70. Kg6 Qe6+ 71. Kh7 Qe4+ 72. Kh8 Rh4 73. Qf6+ Kc2 74. g8=Q Rxh5+ 75. Kg7 Qg4+ 76. Kf8 Qc8+ 77. Kf7 Qd7+ 78. Kg6 Qg4+ 79. Kf7 Qd7+ 80. Qe7 Rf5+ 81. Kg6 Qxe7 82. Kxf5 Qc5+ 83. Kf6 Qd4+ 84. Kf7 Qc4+ 85. Kf8 Qxg8+ 86. Kxg8 1/2-1/2


[Site "https://www.chess.com"]

[Event "Titled Tuesday Blitz November 14 Late 2023"]
[White "Hambleton, Aman"]
[Black "Ibarra Jerez, Jose Carlos"]
[WhiteFideId "2606577"]
[BlackFideId "2226332"]
[WhiteElo "2725"]
[BlackElo "2961"]
[Result "0-1"]
[Round "6"]
[TimeControl "180+1"]
[Date "2023.11.14"]
[WhiteClock "0:00:00"]
[BlackClock "0:00:20"]
[Board "12"]

1. d4 Nf6 2. Bf4 d5 3. e3 c5 4. c3 Nc6 5. Nd2 e6 6. Ngf3 Nh5 7. Be5 cxd4 8. cxd4 f6 9. Bg3 Qb6 10. Qb3 Nxg3 11. hxg3 Qxb3 12. Nxb3 b6 13. Bd3 Kf7 14. Rc1 Bd7 15. a3 Bd6 16. Ke2 h6 17. Nbd2 Rhe8 18. Rhd1 Rac8 19. Kf1 Na5 20. Ke2 b5 21. Rxc8 Rxc8 22. Ne1 Nc4 23. Rb1 e5 24. Nb3 e4 25. Bxc4 bxc4 26. Nd2 Bb5 27. Kd1 Ba4+ 28. Ke2 Bb5 29. Kd1 a6 30. Rc1 Rb8 0-1


[Site "https://www.chess.com"]

[Event "Titled Tuesday Blitz November 14 Late 2023"]
[White "Gholami Orimi, Mahdi"]
[Black "Zeltsan, Joseph"]
[WhiteFideId "12558486"]
[BlackFideId "30932980"]
[WhiteElo "2949"]
[BlackElo "2716"]
[Result "0-1"]
[Round "6"]
[TimeControl "180+1"]
[Date "2023.11.14"]
[WhiteClock "0:00:02"]
[BlackClock "0:00:05"]
[Board "13"]

1. d4 Nf6 2. c4 e6 3. Nc3 d5 4. cxd5 exd5 5. Bg5 Be7 6. e3 O-O 7. Bd3 Re8 8. Nge2 c6 9. Qc2 Nbd7 10. O-O Nf8 11. f3 Ng6 12. Rad1 Be6 13. Kh1 b5 14. e4 dxe4 15. fxe4 a6 16. Qc1 c5 17. dxc5 Ng4 18. Bxe7 Qxe7 19. b4 Qh4 20. h3 Nf2+ 21. Rxf2 Qxf2 22. Nd5 Bxd5 23. exd5 Nh4 24. Nf4 Re3 25. Rf1 Qg3 26. Qc2 Rae8 27. d6 Re1 28. d7 Rd8 29. Nh5 Rxf1+ 30. Bxf1 Qe1 31. Qd3 Rxd7 32. Qe2 Qxe2 33. Bxe2 Rd2 34. Ng3 Rxa2 35. Bg4 Rc2 36. Bc8 Nxg2 37. Bxa6 Nf4 38. Bxb5 Nd5 39. Bd3 Rc1+ 40. Kg2 Nxb4 41. Be2 Rxc5 42. Ne4 Re5 43. Kf3 Nc6 44. Kf4 f6 45. Bc4+ Kf8 46. Ng3 g6 47. Bd3 Ke7 48. Ne4 Nd4 49. Nc3 Ne6+ 50. Kf3 Ra5 51. Ke4 f5+ 52. Ke3 Kf6 53. Kf2 Ke5 54. Ne2 Ra3 55. Bc4 Rc3 56. Bxe6 Rc2 57. Bg8 h6 58. Ke3 g5 59. Bh7 f4+ 60. Kf3 Rb2 61. Kf2 Rb3 62. Ng1 Rb2+ 63. Kf1 h5 64. Nf3+ Kf6 65. Nd4 g4 66. hxg4 hxg4 67. Bd3 Rd2 68. Ne2 Rxd3 69. Nxf4 Rf3+ 70. Kg2 Rxf4 71. Kg3 Kg5 0-1


[Site "https://www.chess.com"]

[Event "Titled Tuesday Blitz November 14 Late 2023"]
[White "Rorrer, Grayson"]
[Black "Mitrabha, Guha"]
[WhiteFideId "30944996"]
[BlackFideId "5057000"]
[WhiteElo "2724"]
[BlackElo "2939"]
[Result "1-0"]
[Round "6"]
[TimeControl "180+1"]
[Date "2023.11.14"]
[WhiteClock "0:00:37"]
[BlackClock "0:00:23"]
[Board "14"]

1. e4 c6 2. d4 d5 3. exd5 cxd5 4. Bd3 Nc6 5. c3 Nf6 6. h3 g6 7. Nf3 Bf5 8. O-O Bg7 9. Bf4 O-O 10. Bxf5 gxf5 11. Ne1 e6 12. Nd3 Kh8 13. Nd2 Rg8 14. Kh2 Bf8 15. Qe2 Bd6 16. Ne5 Qc7 17. Nxf7+ Qxf7 18. Bxd6 Rg6 19. Rae1 Rag8 20. Rg1 Qg7 21. g3 Qh6 22. Bf4 Qg7 23. Nf3 Nd7 24. Ne5 Ndxe5 25. Bxe5 Nxe5 26. Qxe5 Rf6 27. Qf4 Qf7 28. Re5 a6 29. Rge1 Rgg6 30. R5e3 Kg7 31. b3 Rh6 32. c4 Qd7 33. Re5 dxc4 34. bxc4 Qa4 35. d5 exd5 36. Re7+ Kg6 37. h4 Rh5 38. R1e6 Rxe6 39. Rxe6+ Kf7 40. Qd6 Qa5 41. Qd7+ 1-0


[Site "https://www.chess.com"]

[Event "Titled Tuesday Blitz November 14 Late 2023"]
[White "Bortnyk, Mykola"]
[Black "Hasangatin, Ramil"]
[WhiteFideId "14120836"]
[BlackFideId "4122160"]
[WhiteElo "2938"]
[BlackElo "2700"]
[Result "0-1"]
[Round "6"]
[TimeControl "180+1"]
[Date "2023.11.14"]
[WhiteClock "0:00:00"]
[BlackClock "0:00:10"]
[Board "15"]

1. e4 d5 2. exd5 Qxd5 3. Nc3 Qd6 4. g3 Nf6 5. Bg2 c6 6. Nge2 Bf5 7. d3 e6 8. O-O h6 9. b4 Qc7 10. Rb1 Bd6 11. Nd4 Bg4 12. Qd2 O-O 13. a4 Nbd7 14. b5 c5 15. b6 axb6 16. Ndb5 Qb8 17. Nxd6 Qxd6 18. Bxb7 Rad8 19. Bg2 Ne5 20. f3 Bf5 21. Qe3 Nfd7 22. Ne4 Qd4 23. Qxd4 cxd4 24. Ba3 Bxe4 25. Bxf8 Bc6 26. Be7 Re8 27. Bd6 Bxa4 28. Rf2 Rc8 29. Rb2 b5 30. h3 f6 31. f4 Nf7 32. Bb4 Nd8 33. Re2 Kf7 34. h4 Nc6 35. Bd6 Ne7 36. Bxe7 Kxe7 37. Bh3 Rc6 38. Kf2 Nc5 39. Ke1 Kd6 40. Rb4 e5 41. fxe5+ fxe5 42. Bf5 Na6 43. Rb2 Rc3 44. g4 Nc7 45. Be4 Ne6 46. Rf2 Nf4 47. Kd2 Ra3 48. Kc1 Ra1+ 49. Rb1 Ra2 50. g5 hxg5 51. hxg5 g6 52. Rh2 Kc5 53. Rb2 Ra1+ 54. Kd2 Rg1 55. Rh8 Rxg5 56. Rc8+ Kd6 57. Rc6+ Ke7 58. Ke1 Rg1+ 59. Kf2 Rd1 60. Kf3 Rf1+ 61. Kg3 Rg1+ 62. Kf2 Rd1 63. Ra6 Kf7 64. Kf3 Rf1+ 65. Kg3 Rg1+ 66. Kf2 Rd1 67. Bf3 Rd2+ 68. Kg3 Rxc2 69. Rxc2 Bxc2 70. Rb6 Bxd3 71. Bg4 Bc4 72. Bd7 d3 73. Bxb5 Bxb5 74. Rxb5 d2 75. Rb1 Ne2+ 76. Kf2 Nc3 77. Rb7+ Kf6 78. Ke3 d1=Q 79. Rb4 Qd4+ 80. Rxd4 exd4+ 81. Kxd4 Kf5 82. Ke3 Kg4 0-1


[Site "https://www.chess.com"]

[Event "Titled Tuesday Blitz November 14 Late 2023"]
[White "Sydoryka, Vladyslav"]
[Black "Hong, Andrew"]
[WhiteFideId "14145928"]
[BlackFideId "2099438"]
[WhiteElo "2679"]
[BlackElo "2920"]
[Result "1-0"]
[Round "6"]
[TimeControl "180+1"]
[Date "2023.11.14"]
[WhiteClock "0:00:15"]
[BlackClock "0:00:20"]
[Board "16"]

1. c4 e5 2. g3 Nf6 3. Bg2 g6 4. Nc3 Bg7 5. Nf3 Nc6 6. O-O O-O 7. d3 d6 8. Rb1 a5 9. a3 Bg4 10. b4 axb4 11. axb4 Nd4 12. e3 Nxf3+ 13. Bxf3 Qd7 14. Bxg4 Nxg4 15. h3 Nh6 16. Kg2 f5 17. Qc2 f4 18. exf4 exf4 19. Bxf4 Rxf4 20. gxf4 Nf5 21. Nd5 Rf8 22. Qe2 c6 23. Ne3 Nh4+ 24. Kg3 Rxf4 25. Kxf4 Qxh3 26. d4 Ng2+ 27. Ke4 Qe6+ 28. Kf3 Qh3+ 29. Ke4 d5+ 30. cxd5 cxd5+ 31. Kd3 Nf4+ 32. Kd2 Nxe2 33. Kxe2 Bxd4 34. Rh1 Qe6 35. Rbd1 Qe4 36. Rh3 Bb6 37. Rxd5 Qxb4 38. Rd3 Qb2+ 39. Kf3 h5 40. Rg3 Kf7 41. Rd7+ Ke6 42. Rxb7 Qf6+ 43. Kg2 Bxe3 44. Rxe3+ Kd5 45. Rb5+ Kc6 46. Ra5 Kb6 47. Rea3 Qf7 48. Ra6+ Kb5 49. R3a5+ Kb4 50. Ra4+ Kb3 51. R4a5 g5 52. Rb6+ Kc4 53. Rxg5 h4 54. Rg4+ Kc5 55. Rh6 Qd5+ 56. Kh2 Qe5+ 57. Kg2 Qd5+ 58. Kh2 Qf5 59. Rhxh4 Qxf2+ 60. Kh3 Qf1+ 61. Rg2 Qh1+ 62. Kg3 Qe1+ 63. Kg4 Qe4+ 64. Kh3 Qf3+ 65. Rg3 Qh1+ 66. Kg4 Qe4+ 67. Kg5 Qe5+ 68. Kg4 Qe4+ 69. Kh5 Qf5+ 70. Rg5 Qd5 71. Rxd5+ Kxd5 72. Kg5 Ke5 73. Rf4 Kd5 74. Kf5 Kd6 75. Re4 Kd5 76. Kf4 Kd6 77. Re5 Kc6 78. Ke4 Kd6 79. Kd4 Kc6 80. Re6+ Kd7 81. Kd5 Kc7 82. Rh6 Kb7 83. Kc5 Ka7 84. Kb5 Kb8 85. Rh7 Kc8 86. Kb6 Kd8 87. Kc6 Ke8 88. Kd6 Kf8 89. Rb7 Kg8 90. Ke6 Kf8 91. Ra7 Kg8 92. Kf6 Kh8 93. Kg6 Kg8 94. Ra8# 1-0


[Site "https://www.chess.com"]

[Event "Titled Tuesday Blitz November 14 Late 2023"]
[White "Yeletsky, Ivan"]
[Black "Gimenez Aguirre, Alejo Ismael"]
[WhiteFideId "24180327"]
[BlackFideId "32041667"]
[WhiteElo "2911"]
[BlackElo "2605"]
[Result "0-1"]
[Round "6"]
[TimeControl "180+1"]
[Date "2023.11.14"]
[WhiteClock "0:00:04"]
[BlackClock "0:00:54"]
[Board "17"]

1. e4 c5 2. a4 g6 3. h4 h5 4. Ra3 Nc6 5. Bb5 Nd4 6. Rg3 a6 7. Bc4 e6 8. Nc3 Bd6 9. Re3 Nh6 10. Nf3 Ng4 11. Rd3 Qf6 12. Ne2 b5 13. Ba2 bxa4 14. Nexd4 cxd4 15. c3 Bb7 16. Rxd4 Bc5 17. O-O Bxd4 18. cxd4 Bxe4 19. Ng5 Bb7 20. Qxa4 Bc6 21. Qb4 Nh6 22. d5 exd5 23. Re1+ Kd8 24. d4 Kc8 25. g3 a5 26. Qc5 Nf5 27. Re5 Qd6 28. Qc3 f6 29. Rxd5 Qb4 30. Rc5 Nxd4 31. Kh2 fxg5 32. Bxg5 Qxc3 33. bxc3 Nf3+ 34. Kh3 Nxg5+ 35. hxg5 a4 0-1


[Site "https://www.chess.com"]

[Event "Titled Tuesday Blitz November 14 Late 2023"]
[White "Zhigalko, Sergei"]
[Black "OPQRC"]
[WhiteFideId "13502956"]
[WhiteElo "2899"]
[BlackElo "2601"]
[Result "1-0"]
[Round "6"]
[TimeControl "180+1"]
[Date "2023.11.14"]
[WhiteClock "0:00:04"]
[BlackClock "0:00:04"]
[Board "18"]

1. e4 c5 2. Nf3 d6 3. d4 cxd4 4. Qxd4 Bd7 5. Bc4 Nc6 6. Qd3 Nf6 7. Nc3 e6 8. Bf4 e5 9. Bg5 Be7 10. Bxf6 Bxf6 11. Qxd6 Be7 12. Qd5 O-O 13. Nxe5 Nxe5 14. Qxe5 Bf6 15. Qg3 Rc8 16. Bb3 Bxc3+ 17. bxc3 Bb5 18. Qe3 Qa5 19. O-O-O Rxc3 20. Qd4 Qa3+ 21. Kb1 Rfc8 22. Qxc3 Rxc3 23. Rd8+ Qf8 24. Rxf8+ Kxf8 25. Rd1 Bc6 26. Kb2 Rc5 27. f3 Ke7 28. Bd5 Rb5+ 29. Kc3 Rc5+ 30. Kb2 Rb5+ 31. Bb3 h5 32. h4 f6 33. Kc3 g5 34. Rh1 g4 35. Kd4 Rb4+ 36. Ke3 a5 37. a3 Rb6 38. fxg4 hxg4 39. h5 a4 40. Bd5 Bxd5 41. exd5 Kf7 42. h6 Kg8 43. h7+ Kh8 44. c4 Rb3+ 45. Ke4 Rxa3 46. d6 Ra2 47. Rd1 Re2+ 48. Kf5 Re8 49. d7 Rd8 50. Kxf6 Kxh7 51. Ke7 1-0


[Site "https://www.chess.com"]

[Event "Titled Tuesday Blitz November 14 Late 2023"]
[White "Omelja, Artem"]
[Black "Eljanov, Pavel"]
[WhiteFideId "14119846"]
[BlackFideId "14102951"]
[WhiteElo "2601"]
[BlackElo "2880"]
[Result "0-1"]
[Round "6"]
[TimeControl "180+1"]
[Date "2023.11.14"]
[WhiteClock "0:00:12"]
[BlackClock "0:01:20"]
[Board "19"]

1. d4 Nf6 2. c4 e6 3. Nc3 d5 4. cxd5 exd5 5. Bg5 Be7 6. e3 h6 7. Bh4 Bg4 8. Nf3 c6 9. Qc2 Nbd7 10. Bd3 O-O 11. h3 Bxf3 12. gxf3 Nh5 13. Bxe7 Qxe7 14. O-O-O a5 15. Rhg1 a4 16. a3 Rfc8 17. Kb1 b5 18. Na2 Nb6 19. Nb4 Nc4 20. Rg2 Kh8 21. Rdg1 Rc7 22. f4 Rg8 23. Bh7 Re8 24. Bd3 Qh4 25. Be2 Rg8 26. Qf5 Nf6 27. Bd3 g6 28. Rxg6 Rxg6 29. Rxg6 fxg6 30. Qxg6 Rg7 31. Qf5 Ng8 32. Nxc6 Qxf2 33. Bc2 Nxe3 0-1


[Site "https://www.chess.com"]

[Event "Titled Tuesday Blitz November 14 Late 2023"]
[White "Tactrics"]
[Black "Fernandez Reyes, Lisandro"]
[BlackFideId "3504190"]
[WhiteElo "2867"]
[BlackElo "2584"]
[Result "1/2-1/2"]
[Round "6"]
[TimeControl "180+1"]
[Date "2023.11.14"]
[WhiteClock "0:00:10"]
[BlackClock "0:00:18"]
[Board "20"]

1. e4 c5 2. Nf3 a6 3. d4 cxd4 4. Nxd4 Nf6 5. Nc3 e5 6. Nf3 Bb4 7. Qd3 O-O 8. Bg5 d6 9. Be2 h6 10. Bxf6 Qxf6 11. O-O Bxc3 12. Qxc3 Nc6 13. h3 Be6 14. Rfd1 Rfd8 15. Bc4 Rac8 16. Bxe6 fxe6 17. Qb3 b5 18. a4 b4 19. Rd3 Kh7 20. Rad1 Qe7 21. R3d2 Rd7 22. Qc4 a5 23. Nxe5 Nxe5 24. Qxc8 Rc7 25. Qa6 Qg5 26. Qe2 Nc4 27. Rd4 Nxb2 28. Rf1 Qe5 29. Rd2 Nxa4 30. f4 Qc5+ 31. Kh1 Nc3 32. Qd3 Qc4 33. Qxc4 Rxc4 34. Rxd6 Rxe4 35. f5 exf5 36. Rxf5 a4 37. Rf7 Re5 38. Rb6 a3 39. Ra7 a2 40. Kh2 Re1 41. Rba6 Nb5 42. Rxa2 Nxa7 43. Rxa7 Rb1 44. Rc7 Rb2 45. Kg3 Kg6 46. Rc5 Kf6 47. Kf3 Ke6 48. g4 Kd6 49. Rc8 Ra2 50. h4 Ra3+ 51. Kf4 Rh3 52. h5 Ke6 53. Rb8 Rc3 54. Rxb4 Rxc2 55. Rb7 Kf6 56. Rb6+ Kf7 57. Rb7+ Kg8 58. Rb4 Rc5 59. Rd4 Rc7 60. Re4 Kf7 61. Re5 Kf6 62. Rf5+ Ke6 63. Re5+ Kd6 64. Re8 Rf7+ 65. Kg3 Kd7 66. Re3 Rf6 67. Re4 Re6 68. Rd4+ Ke7 69. Rf4 Rf6 70. Re4+ Kf7 71. Ra4 Re6 72. Ra5 Kf6 73. Rf5+ Ke7 74. g5 hxg5 75. Rxg5 Kf7 76. Kf4 Rf6+ 77. Kg4 Ra6 78. Rc5 Ra4+ 79. Kg5 Ra7 80. Rb5 Rc7 81. Rf5+ Kg8 82. Rd5 Kh7 83. Rd6 Rc1 84. Rd4 Rg1+ 85. Rg4 Rf1 86. Rf4 Rg1+ 87. Rg4 Rd1 88. Rf4 Rd6 89. Rf5 Rd1 90. Re5 Rg1+ 91. Kh4 Rh1+ 92. Kg4 Kh6 93. Re6+ Kh7 94. Re5 Rg1+ 95. Kh4 Rh1+ 96. Kg4 1/2-1/2


[Site "https://www.chess.com"]

[Event "Titled Tuesday Blitz November 14 Late 2023"]
[White "subham777"]
[Black "Szpar, Milosz"]
[BlackFideId "1184989"]
[WhiteElo "2553"]
[BlackElo "2863"]
[Result "0-1"]
[Round "6"]
[TimeControl "180+1"]
[Date "2023.11.14"]
[WhiteClock "0:01:31"]
[BlackClock "0:01:23"]
[Board "21"]

1. e4 e6 2. Nf3 d5 3. Nc3 d4 4. Ne2 c5 5. d3 Nc6 6. g3 e5 7. Bg2 Be7 8. O-O h5 9. Ne1 h4 10. f4 hxg3 11. hxg3 Bg4 12. Nf3 Nf6 13. Nxe5 Nxe5 14. fxe5 Nd7 15. e6 fxe6 16. Qe1 e5 17. c4 Qb6 18. b3 Qg6 19. Qa5 Bxe2 20. Rf2 Bxd3 21. Qb5 Bxe4 22. Bd2 Qxg3 0-1


[Site "https://www.chess.com"]

[Event "Titled Tuesday Blitz November 14 Late 2023"]
[White "Erdogan, Anil Berk"]
[Black "Zakhartsov, Vladimir"]
[WhiteFideId "6348173"]
[BlackFideId "4145097"]
[WhiteElo "2542"]
[BlackElo "2852"]
[Result "0-1"]
[Round "6"]
[TimeControl "180+1"]
[Date "2023.11.14"]
[WhiteClock "0:00:57"]
[BlackClock "0:01:24"]
[Board "22"]

1. e4 c6 2. d4 d5 3. exd5 cxd5 4. c4 Nf6 5. Nc3 Nc6 6. Bg5 dxc4 7. Bxc4 Qxd4 8. Qxd4 Nxd4 9. O-O-O e5 10. f4 Bg4 11. Nf3 O-O-O 12. fxe5 Bxf3 13. gxf3 Nxf3 14. Rxd8+ Kxd8 15. Rd1+ Kc8 16. h4 Nxe5 17. Bb3 Be7 18. Re1 Nd3+ 19. Kd2 Nxe1 20. Kxe1 h6 21. Bxf6 Bxf6 22. Bxf7 Bxc3+ 23. Ke2 0-1


[Site "https://www.chess.com"]

[Event "Titled Tuesday Blitz November 14 Late 2023"]
[White "Kubicka, Anna"]
[Black "Mikaelyan, Arman"]
[WhiteFideId "1152254"]
[BlackFideId "13304852"]
[WhiteElo "2482"]
[BlackElo "2837"]
[Result "0-1"]
[Round "6"]
[TimeControl "180+1"]
[Date "2023.11.14"]
[WhiteClock "0:00:40"]
[BlackClock "0:00:25"]
[Board "23"]

1. e4 c5 2. Ne2 g6 3. g3 Bg7 4. Bg2 Nc6 5. O-O e6 6. c3 Nge7 7. d4 cxd4 8. cxd4 d5 9. e5 O-O 10. Nbc3 b6 11. Bg5 h6 12. Be3 Ba6 13. Qd2 Nf5 14. Bh3 Nxe3 15. Qxe3 Na5 16. b3 Rc8 17. Rac1 b5 18. Rfe1 b4 19. Na4 Bb5 20. Nc5 Qb6 21. Nf4 Rc6 22. Bf1 Bxf1 23. Rxf1 Rfc8 24. Nfd3 Nb7 25. Na4 Qb5 26. Rxc6 Rxc6 27. Nac5 Nxc5 28. Nxc5 Bf8 29. Nd7 Rc3 30. Nf6+ Kg7 31. Qf4 Be7 32. h4 Qd3 33. Ne8+ Kf8 34. Nd6 Bxd6 35. exd6 Qf5 36. Qxh6+ Ke8 37. Qh8+ Kd7 38. Qf8 Qf6 39. Qb8 Qxd4 40. Qf8 Rxg3+ 41. Kh2 Qxh4# 0-1


[Site "https://www.chess.com"]

[Event "Titled Tuesday Blitz November 14 Late 2023"]
[White "Jimenez Ruano, Adrian"]
[Black "Holt, Conrad"]
[WhiteFideId "22276050"]
[BlackFideId "2034387"]
[WhiteElo "2421"]
[BlackElo "2791"]
[Result "0-1"]
[Round "6"]
[TimeControl "180+1"]
[Date "2023.11.14"]
[WhiteClock "0:00:00"]
[BlackClock "0:01:05"]
[Board "24"]

1. d4 d5 2. c4 c6 3. Nf3 Nf6 4. e3 Bf5 5. Nc3 e6 6. Nh4 Bg6 7. Bd2 Nbd7 8. Be2 Ne4 9. Nxg6 hxg6 10. Nxe4 dxe4 11. Qc2 f5 12. O-O-O Nf6 13. Kb1 a5 14. Bc3 Bb4 15. d5 cxd5 16. Bxf6 Qxf6 17. cxd5 exd5 18. Bb5+ Ke7 19. Qc7+ Kf8 20. Rxd5 Kg8 21. Rd7 Kh7 22. Rf7 Rhc8 23. Qxb7 Qe5 24. Bc4 Ba3 25. Qb5 Rc5 26. Qb7 Rxc4 27. bxa3 Rb8 28. Rxg7+ Kh6 29. Rh7+ Kg5 30. h4+ Kg4 31. f3+ Kg3 0-1


[Site "https://www.chess.com"]

[Event "Titled Tuesday Blitz November 14 Late 2023"]
[White "GatoRojo150"]
[Black "Yoo, Christopher Woojin"]
[BlackFideId "30909694"]
[WhiteElo "2636"]
[BlackElo "3054"]
[Result "0-1"]
[Round "6"]
[TimeControl "180+1"]
[Date "2023.11.14"]
[WhiteClock "0:00:00"]
[BlackClock "0:00:23"]
[Board "25"]

1. e4 c5 2. Nf3 e6 3. Nc3 Nc6 4. d4 cxd4 5. Nxd4 a6 6. Bf4 d6 7. Nxc6 bxc6 8. Qd2 e5 9. Bg5 Nf6 10. Bc4 h6 11. Bh4 Be7 12. Rd1 Qb6 13. Bxf6 gxf6 14. b3 Bg4 15. Be2 Be6 16. O-O Qb4 17. f4 exf4 18. Rxf4 a5 19. Rdf1 a4 20. Qd3 axb3 21. axb3 Qc5+ 22. Kh1 Qe5 23. Bg4 h5 24. Bxe6 fxe6 25. Ne2 O-O-O 26. Nd4 Kd7 27. Qc4 Rc8 28. R4f3 Qxe4 29. Qc3 c5 30. Nb5 Ra8 31. Re1 Qc6 32. Qc4 d5 33. Qe2 e5 34. c4 d4 35. Rf5 Rag8 36. Rxh5 Rxh5 37. Ra1 Kd8 0-1


[Site "https://www.chess.com"]

[Event "Titled Tuesday Blitz November 14 Late 2023"]
[White "Papasimakopoulos, Alexandros"]
[Black "Makarian, Rudik"]
[WhiteFideId "4244125"]
[BlackFideId "44105681"]
[WhiteElo "2634"]
[BlackElo "2954"]
[Result "0-1"]
[Round "6"]
[TimeControl "180+1"]
[Date "2023.11.14"]
[WhiteClock "0:00:45"]
[BlackClock "0:00:20"]
[Board "26"]

1. d4 Nf6 2. c4 g6 3. Nc3 d6 4. Bg5 Bg7 5. e3 h6 6. Bh4 O-O 7. Be2 c5 8. Nf3 Nc6 9. O-O Bf5 10. d5 Na5 11. Nd2 e5 12. dxe6 Bxe6 13. Rc1 g5 14. Bg3 d5 15. Nb5 Ne8 16. cxd5 Qxd5 17. b3 Rd8 18. Nc4 Qxd1 19. Rfxd1 Rxd1+ 20. Rxd1 Nxc4 21. Bxc4 Bxc4 22. bxc4 a6 23. Nd6 Nxd6 24. Rxd6 b5 25. Rxa6 bxc4 26. Kf1 c3 27. Rc6 Ra8 28. Rxc5 Rxa2 29. h4 Kh7 30. hxg5 c2 31. Bf4 Ra1+ 32. Ke2 c1=Q 33. Rxc1 Rxc1 34. e4 Rc2+ 35. Kf3 Bd4 36. gxh6 Rxf2+ 37. Kg3 Ra2 38. Kf3 Ra3+ 39. Kg4 Kg6 40. g3 Rb3 41. Bd2 Be3 42. Be1 Bxh6 0-1


[Site "https://www.chess.com"]

[Event "Titled Tuesday Blitz November 14 Late 2023"]
[White "Ambartsumova, Karina"]
[Black "Salinas Herrera, Pablo"]
[WhiteFideId "4166299"]
[BlackFideId "3407128"]
[WhiteElo "2625"]
[BlackElo "2887"]
[Result "1-0"]
[Round "6"]
[TimeControl "180+1"]
[Date "2023.11.14"]
[WhiteClock "0:00:24"]
[BlackClock "0:01:19"]
[Board "28"]

1. d4 d6 2. e4 g6 3. Nc3 Bg7 4. Bg5 c6 5. Qd2 Nd7 6. f4 Qa5 7. Nf3 b5 8. Bd3 Bb7 9. O-O b4 10. Ne2 c5 11. e5 cxd4 12. Nexd4 dxe5 13. fxe5 Nxe5 14. Bb5+ Kf8 15. Nxe5 Nf6 16. Bxf6 exf6 17. Nd7+ Kg8 18. Nxf6+ Bxf6 19. Rxf6 Rd8 20. Bc4 Qc5 21. Bxf7+ Kg7 22. Rf4 g5 23. Qf2 1-0


[Site "https://www.chess.com"]

[Event "Titled Tuesday Blitz November 14 Late 2023"]
[White "Guerra Tulcan, Lenin"]
[Black "Rustemov, Alexander"]
[WhiteFideId "3601382"]
[BlackFideId "4119002"]
[WhiteElo "2609"]
[BlackElo "2859"]
[Result "0-1"]
[Round "6"]
[TimeControl "180+1"]
[Date "2023.11.14"]
[WhiteClock "0:00:01"]
[BlackClock "0:01:30"]
[Board "29"]

1. e4 e6 2. d4 d5 3. Nd2 dxe4 4. Nxe4 Bd7 5. Nf3 Bc6 6. Bd3 Nd7 7. O-O Ngf6 8. Bg5 Be7 9. Nxf6+ Bxf6 10. Bxf6 Qxf6 11. c3 Bxf3 12. Qxf3 Qxf3 13. gxf3 Nf6 14. Rfe1 O-O-O 15. Re5 Nd5 16. Rae1 Nf4 17. Bc4 h6 18. h4 g5 19. R5e4 Rdg8 20. Kf1 c6 21. a4 Kc7 22. Rd1 Ng6 23. hxg5 hxg5 24. Rg4 Nf4 25. Ke1 Rh2 26. b4 Kd6 27. Bb3 Rh3 28. Rg3 Rh2 29. c4 f6 30. c5+ Ke7 31. Kd2 Rxf2+ 32. Ke1 Rb2 33. Bc4 Rh8 0-1


[Site "https://www.chess.com"]

[Event "Titled Tuesday Blitz November 14 Late 2023"]
[White "Henriquez Villagra, Cristobal"]
[Black "Martinez Reyes, Pedro Ramon"]
[WhiteFideId "3409350"]
[BlackFideId "3901807"]
[WhiteElo "2858"]
[BlackElo "2606"]
[Result "1-0"]
[Round "6"]
[TimeControl "180+1"]
[Date "2023.11.14"]
[WhiteClock "0:00:06"]
[BlackClock "0:00:00"]
[Board "30"]

1. d4 Nf6 2. Nd2 d5 3. e3 Nc6 4. Ngf3 a5 5. Bb5 Bd7 6. O-O g6 7. c4 e6 8. b3 Bg7 9. Ba3 Ne7 10. Bxd7+ Qxd7 11. Qc2 O-O 12. Rfd1 Rfe8 13. e4 Nxe4 14. Nxe4 dxe4 15. Qxe4 c6 16. h4 h6 17. h5 g5 18. Bc5 Qc7 19. Rac1 b6 20. Ba3 Rad8 21. Rd3 Rd7 22. Rcd1 Red8 23. g4 c5 24. dxc5 Rxd3 25. Rxd3 Rxd3 26. Qxd3 bxc5 27. Qe3 Nc6 28. Bxc5 Qd7 29. Qe2 f5 30. gxf5 exf5 31. Qd2 Qe8 32. Qd5+ Kh8 33. Qxf5 Nd8 34. Qg6 Qd7 35. Qd6 Qg4+ 36. Qg3 Qxh5 37. Kg2 Ne6 38. Be3 g4 39. Qb8+ Kh7 40. Nd2 Be5 41. Qb7+ Kg8 42. Qc8+ Kf7 43. Qd7+ Kf6 44. Ne4+ Kf5 45. Qh7+ Qg6 46. Qxg6+ Kxg6 47. a3 Kf5 48. Ng3+ Bxg3 49. Kxg3 h5 50. b4 axb4 51. axb4 Ke4 52. b5 Nd8 53. Kh4 Kf5 54. Kxh5 Nb7 55. c5 Na5 56. c6 1-0


[Site "https://www.chess.com"]

[Event "Titled Tuesday Blitz November 14 Late 2023"]
[White "Beerdsen, Thomas"]
[Black "Lima, Kleyton Alcantara"]
[WhiteFideId "1030108"]
[BlackFideId "22718397"]
[WhiteElo "2857"]
[BlackElo "2598"]
[Result "1-0"]
[Round "6"]
[TimeControl "180+1"]
[Date "2023.11.14"]
[WhiteClock "0:02:45"]
[BlackClock "0:00:50"]
[Board "31"]

1. e4 c5 2. Nf3 d6 3. d4 cxd4 4. Nxd4 Nf6 5. Nc3 a6 6. a3 e5 7. Nf5 d5 8. Bg5 d4 9. Bxf6 gxf6 10. Nb1 Bxf5 11. exf5 Qd5 12. Qh5 Nd7 13. Nd2 O-O-O 14. Bc4 Qxg2 15. O-O-O Qxf2 16. Kb1 Qe3 17. Qxf7 Qh6 18. Rhg1 Kb8 19. Ne4 Qf4 20. Bd5 Qxf5 21. Rdf1 Qh3 22. Rxf6 Qxh2 23. Rc1 Bxa3 24. Rb6 Rhf8 25. Rxb7+ Kc8 26. bxa3 Rxf7 27. Nd6# 1-0


[Site "https://www.chess.com"]

[Event "Titled Tuesday Blitz November 14 Late 2023"]
[White "Pakleza, Zbigniew"]
[Black "Lymar, Vladislav"]
[WhiteFideId "1119290"]
[BlackFideId "14162180"]
[WhiteElo "2819"]
[BlackElo "2585"]
[Result "1/2-1/2"]
[Round "6"]
[TimeControl "180+1"]
[Date "2023.11.14"]
[WhiteClock "0:00:05"]
[BlackClock "0:00:03"]
[Board "32"]

1. d4 d6 2. Nf3 Nd7 3. Bf4 g6 4. h3 Bg7 5. e3 e5 6. Bh2 Qe7 7. Be2 Ngf6 8. c4 Ne4 9. O-O O-O 10. Nbd2 Nxd2 11. Qxd2 b6 12. Rac1 a5 13. a3 Bb7 14. b4 axb4 15. axb4 Rfe8 16. c5 bxc5 17. dxc5 dxc5 18. bxc5 Bxf3 19. Bxf3 e4 20. c6 Nb6 21. Be2 Be5 22. Bxe5 Qxe5 23. Rfd1 Qe6 24. Bg4 Qf6 25. Qd4 Kg7 26. Rb1 h5 27. Bd7 Qxd4 28. Rxd4 Reb8 29. Rbd1 f5 30. g4 hxg4 31. hxg4 Kf6 32. Kg2 Rh8 33. Kg3 Ra2 34. Rb4 Rb8 35. Rb5 fxg4 36. Bxg4 Rc2 37. Bd7 Rf8 38. Rd4 Kg7 39. Rxe4 Rfxf2 40. Bh3 Rf7 41. Bd7 Nxd7 42. cxd7 Rxd7 43. Re6 Rc1 44. Kg2 Rd2+ 45. Kf3 Rf1+ 46. Ke4 Rf7 47. Rg5 Rf6 48. Re7+ Kh6 49. Rc5 c6 50. Rc7 Rdd6 51. Ke5 Rde6+ 52. Kd4 Rd6+ 53. Ke5 Rfe6+ 54. Kf4 Rf6+ 55. Ke5 1/2-1/2


[Site "https://www.chess.com"]